 Dungeon Crawl Stone Soup version 0.25.1-11-g244df3a29b (webtiles) character file.

Game seed: 15017199429505258062

129 DeepDeath the Cutter (level 5, 0/38 HPs)
             Began as a Human Wanderer on Jan 31, 2024.
             Killed by divine providence
             ... invoked by an orc priest
              (7 damage)
             ... on level 3 of the Dungeon.
             The game lasted 00:05:49 (2522 turns).

DeepDeath the Cutter (Human Wanderer)               Turns: 2522, Time: 00:05:50

Health: 0/38       AC: 13    Str: 12    XL:     5   Next: 35%
Magic:  5/5        EV: 11    Int: 13    God:
Gold:   74         SH:  0    Dex: 13    Spells: 3/4 levels left

rFire    . . .     SeeInvis .   a - +2 dagger
rCold    . . .     Gourm    .   (no shield)
rNeg     . . .     Faith    +   e - +0 robe
rPois    .         Spirit   .   p - +1 helmet
rElec    .         Reflect  .   h - +0 cloak
rCorr    .         Harm     .   (no gloves)
MR       .....                  (no boots)
Stlth    ++........             r - amulet of faith
HPRegen  0.12/turn              s - +4 ring of protection
MPRegen  0.09/turn              c - +4 ring of protection

@: no status effects
A: no striking features
a: no special abilities


You were on level 3 of the Dungeon.
You were hungry.

You visited 1 branch of the dungeon, and saw 3 of its levels.

You collected 74 gold pieces.

Inventory:

Hand Weapons
 a - a +2 dagger (weapon)
 d - a +0 quarterstaff
Missiles
 b - 3 boomerangs
 g - 59 sling bullets
 l - 8 poisoned darts (quivered)
 n - 94 stones
 o - 32 arrows
Armour
 e - a +0 robe (worn)
 h - a +0 cloak (worn)
 p - a +1 helmet (worn)
Jewellery
 c - a +4 ring of protection (right hand)
 r - an amulet of faith (around neck)
 s - a +4 ring of protection (left hand)
 u - an uncursed ring of resist corrosion
Scrolls
 j - a scroll of remove curse
 v - a scroll of fog {unknown}
Potions
 i - a potion of flight
 k - a potion of magic
 m - a potion of stabbing {unknown}
 q - a potion of lignification {unknown}
 t - a potion of ambrosia {unknown}
 w - a potion of might
Comestibles
 f - 7 rations


   Skills:
 - Level 2.0 Fighting
 * Level 4.2 Short Blades
   Level 2.0(2.4) Maces & Flails
 - Level 2.0(2.4) Staves
 + Level 1.4 Throwing
 - Level 3.0 Stealth
   Level 1.0 Shields


You had 3 spell levels left.
You knew the following spells:

 Your Spells              Type           Power        Failure   Level  Hunger
d - Magic Dart            Conj           #...         30%         1    ##.....

Your spell library contained the following spells:

 Spells                   Type           Power        Failure   Level  Hunger
 Blink                    Tloc           N/A          43%         2    ###....
 Call Imp                 Summ           #.......     43%         2    ###....
 Slow                     Hex            #.......     43%         2    ###....
 Conjure Flame            Conj/Fire      #.......     67%         3    ####...
 Mephitic Cloud           Conj/Pois/Air  #.......     67%         3    ####...


Dungeon Overview and Level Annotations

Branches:
Dungeon (3/15)

Altars:


Message History

The orc priest is lightly wounded.
The orc priest closely misses you.
You hit the orc priest.
The orc priest is moderately wounded.
The orc priest barely misses you.
You hit the orc priest.
The orc priest is heavily wounded.
You hit the orc priest.
The orc priest is heavily wounded.
The orc priest misses you.
You hit the orc priest.
The orc priest is severely wounded.
The orc priest invokes the aid of Beogh against you.
Beogh smites you!
* * * LOW HITPOINT WARNING * * *
You hit the orc priest.
The orc priest is almost dead.
The orc priest calls down the wrath of Beogh upon you.
Beogh smites you!
You die...

#.. #### #.. #...
################.. #...
#................. ...
#>##############..
###.#########.##############..
#.....o............... ...##..
......)#########o###########.##..
......# ##@######..........
..(o.. #...........##.##.. .#.##
#..............##.. .(
################### . # ### #..
###.. #.'..


You could see an orc priest (strong).

Vanquished Creatures
  3 orc wizards (D:3)
  2 adders (D:2)
  An ooze (D:3)
  A dart slug (D:1)
  3 leopard geckos
  3 orcs
  A ball python (D:2)
  A bat (D:1)
  3 giant cockroaches (D:1)
  3 frilled lizards (D:2)
  7 goblins
  A kobold (D:1)
  7 rats
36 creatures vanquished.

Notes
Turn   | Place    | Note
-------+----------+-------------------------------------------
     0 | D:1      | DeepDeath the Human Wanderer began the quest for the Orb.
     0 | D:1      | DeepDeath set off with the following items: a +2 dagger, a
                  | potion of heal wounds, a potion of curing, a +0
                  | quarterstaff, a +0 robe, a ration
     0 | D:1      | Reached XP level 1. HP: 16/16 MP: 1/1
    33 | D:1      | Reached skill level 1 in Short Blades
   137 | D:1      | Reached XP level 2. HP: 13/22 MP: 2/2
   364 | D:1      | Reached skill level 2 in Short Blades
  1088 | D:2      | Reached XP level 3. HP: 27/27 MP: 3/3
  1643 | D:2      | Reached skill level 3 in Short Blades
  1914 | D:3      | Reached XP level 4. HP: 33/33 MP: 4/4
  1924 | D:3      | Learned a level 1 spell: Magic Dart
  1982 | D:3      | Reached skill level 1 in Throwing
  1982 | D:3      | Reached XP level 5. HP: 10/38 MP: 5/5
  1986 | D:3      | Reached skill level 4 in Short Blades
  2522 | D:3      | Killed from afar by an orc priest

Illustrated notes

Levels and vault maps discovered:
D:1:      dpeg_arrival_arbitrary_c, layout_loops_ring
D:2:      kb_forest_paths, layout_basic, first_ration
D:3:      layout_basic, lemuel_coloured_pillars_altar,
          eat_drink_and_be_merry_uskayaw, uniq_crazy_yiuf_cottage

Skill      XL: |  1  2  3  4  5 |
---------------+----------------+-----
Short Blades   | 1 2 3 4 |  4.2
Throwing       | 1 |  1.4
Fighting       | |  2.0
Maces & Flails | |  2.0
Staves         | |  2.0
Stealth        | |  3.0
Shields        | |  1.0

Action                   |  1- 3 |  4- 6 || total
-------------------------+-------+-------++-------
Melee: Dagger            |    73 |    63 ||   136
Throw: Dart              |     5 |     3 ||     8
  Use: Scroll            |     7 |       ||     7
       Potion            |       |     3 ||     3
 Stab: Sleeping          |     4 |     1 ||     5
  Eat: Chunk             |     3 |     1 ||     4
Armor: Robe              |    10 |    22 ||    32
Dodge: Dodged            |    34 |    17 ||    51
